Mustangs vs Demolitions (R1)

Created - January 12, 2018 at 19:00

Goals
1 2 3 T
Mustangs 2 1 2 5
Demolitions 0 1 1 2
Shots
1 2 3 T
Mustangs 9 10 19 38
Demolitions 13 7 9 29

1st period

1. Mustangs , Jim O'Brien 9 (Tomas Tatar 9, Derek Joslin 15) at 9:09 (PP)
2. Mustangs , Marcus Foligno 16 (Josh Jooris 30) at 16:18

Penalties :
Billy Sweat (Vic) for Holding (Minor) at 8:41, Tomas Tatar (Ham) for Cross-checking (Minor) at 9:52, Andrew Shaw (Ham) for Tripping (Minor) at 17:25

2nd period

3. Demolitions , Mike Sauer 1 (Dan Bertram 1, Seth Helgeson 7) at 5:52
4. Mustangs , Josh Jooris 32 (Riley Sheahan 46) at 15:41 (PP)

Penalties :
Andrew Campbell (Vic) for Holding (Minor) at 9:38, Ryan Russell (Vic) for Holding Stick (Minor) at 14:36, Nicolas Blanchard (Vic) for Holding (Minor) at 19:59

3rd period

5. Mustangs , Marcus Foligno 17 (Josh Jooris 31) at 4:04 (PP)
6. Mustangs , Jim O'Brien 10 (Tomas Tatar 10, Cameron Gaunce 21) at 6:09 (PP)
7. Demolitions , Ian Cole 7 (Jack Skille 10) at 18:49 (PP)

Penalties :
Frazer Mclaren (Vic) for High sticking (Minor) at 4:01, Jack Skille (Vic) for Hooking (Minor) at 4:58, Nicolas Blanchard (Vic) for Holding (Minor) at 10:46, Seth Helgeson (Vic) for Fighting (Major) at 13:46, Riley Sheahan (Ham) for Fighting (Major) at 13:46, Seth Helgeson (Vic) for instigated a fight (Minor) at 13:46, Seth Helgeson (Vic) for instigated a fight (10 Minutes Misconduct) at 13:46, Josh Jooris (Ham) for Hooking (Minor) at 18:15

Goalie Stats

Chet Pickard (Ham), 27 saves from 29 shots - (0.931), W, 6-1-3, 60:00 minutes
Olivier Roy (Vic), 33 saves from 38 shots - (0.868), L, 2-9-2, 60:00 minutes

Players Stats for Mustangs

Player Name              G  A  P  +/- PIM S  H  SB GA TA FO     MP     PP MP  PK MP  
------------------------------------------------------------------------------------
Andreas Athanasiou       0  0  0  -1  0   1  0  0  1  0  3/6    13:15   0:44   1:08 
Andrew Shaw              0  0  0   0  2   1  3  0  1  0  1/4    16:29   5:00   0:00 
Brady Skjei              0  0  0   0  0   2  2  4  0  1  0/0    26:45   7:11   3:01 
Cameron Gaunce           0  1  1   0  0   1  2  1  0  0  0/0    20:58   3:32   1:31 
Curtis Hamilton          0  0  0   0  0   0  0  0  0  0  0/0     8:21   0:00   0:00 
Denis Bodrov             0  0  0   0  0   1  0  2  0  1  0/0    12:17   0:00   0:00 
Derek Joslin             0  1  1   0  0   3  2  2  0  2  0/0    26:45   7:11   3:01 
Francis Paré             0  0  0   0  0   3  0  0  0  0  1/1     8:21   0:00   0:00 
Jim O'Brien              2  0  2   0  0   4  1  2  0  0  6/7    16:52   4:17   1:06 
Josh Jooris              1  2  3   1  2   5  2  0  0  1  1/1    19:48   6:18   0:00 
Joshua Leivo             0  0  0  -1  0   0  1  1  0  0  0/0    12:20   0:02   0:55 
Justin Williams          0  0  0  -1  0   2  1  0  2  0  1/1    11:49   0:11   0:00 
Marcus Foligno           2  0  2   1  0   4  4  3  0  0  2/2    22:37   6:18   2:48 
Mark Pysyk               0  0  0   0  0   2  1  1  0  0  0/0    20:58   3:32   1:31 
Riley Nash               0  0  0   0  0   1  0  0  0  0  1/4     8:21   0:00   0:00 
Riley Sheahan            0  1  1   1  5   7  0  5  0  0  18/37  20:31   4:56   2:22 
Scott Mayfield           0  0  0   0  0   0  1  0  0  1  0/0    12:17   0:00   0:00 
Tomas Tatar              0  2  2   0  2   1  1  0  1  0  0/0    16:44   4:23   0:49 

Players Stats for Demolitions

Player Name              G  A  P  +/- PIM S  H  SB GA TA FO     MP     PP MP  PK MP  
------------------------------------------------------------------------------------
Alex Hutchings           0  0  0   0  0   0  0  0  0  0  0/0     2:14   0:00   1:31 
Andrew Campbell          0  0  0   0  2   0  0  1  0  1  0/0    10:04   0:00   0:00 
Billy Sweat              0  0  0   1  2   1  2  1  1  1  0/0     8:35   0:00   0:00 
Bobby Butler             0  0  0  -1  0   4  1  0  0  0  8/13   23:19   2:30   6:26 
Cameron Schilling        0  0  0  -1  0   2  1  2  0  0  0/0    26:45   2:30   6:27 
Dan Bertram              0  1  1   1  0   1  0  0  0  1  0/0     9:05   0:00   0:00 
Erik Condra              0  0  0  -1  0   2  3  1  2  0  2/3    23:19   2:30   6:26 
Frazer Mclaren           0  0  0   0  2   3  4  1  0  1  0/3    13:59   2:02   0:00 
Ian Cole                 1  0  1  -1  0   2  1  5  1  0  0/0    26:45   2:30   6:27 
Jack Skille              0  1  1   0  2   4  0  1  0  0  2/5    16:26   2:02   2:27 
Josh Beaulieu            0  0  0   0  0   0  0  0  0  0  0/0     0:00   0:00   0:00 
Mike Sauer               1  0  1   1  0   2  1  1  1  0  0/0    19:08   2:02   4:16 
Mikko Lehtonen           0  0  0   0  0   2  0  0  0  0  1/2    11:51   0:00   2:46 
Mitchell Moroz           0  0  0   0  0   0  1  0  0  0  0/0     2:33   0:00   1:50 
Nick Pryor               0  0  0   0  0   0  0  1  0  0  0/0     5:16   0:00   0:00 
Nicolas Blanchard        0  0  0  -1  4   2  1  0  0  0  11/24  16:53   2:30   0:00 
Robert Bortuzzo          0  0  0   0  0   3  2  1  0  0  0/0     9:48   0:00   0:57 
Ryan Olsen               0  0  0   0  0   0  2  0  0  0  2/4     9:05   0:00   0:00 
Ryan Russell             0  0  0   0  2   1  1  0  1  0  0/0     9:04   0:00   0:00 
Seth Helgeson            0  1  1   1  17  0  2  2  0  0  0/0    17:08   2:02   3:19 
Taylor Aronson           0  0  0   0  0   0  0  0  0  0  0/0     5:16   0:00   0:00 
Taylor Leier             0  0  0   0  0   0  0  0  0  0  0/0     0:00   0:00   0:00 
Thomas DiPauli           0  0  0   1  0   0  0  0  0  1  1/1     8:36   0:00   0:00 
Vince Rocco              0  0  0   0  0   0  1  0  0  0  2/8    14:00   2:02   0:00 

3 Stars

1 - Marcus Foligno (Ham)
2 - Jim O'Brien (Ham)
3 - Josh Jooris (Ham)

Power Play

Mustangs - 4 on 8 Attempt(s) - 50.00%
Demolitions - 1 on 3 Attempt(s) - 33.33%

Penalty Kill

Mustangs - 2 on 3 Attempt(s) - 66.67% - Score 0 goal in Penalty Kill
Demolitions - 4 on 8 Attempt(s) - 50.00% - Score 0 goal in Penalty Kill

Team Stat

Mustangs - Hits : 21 - Faceoff Wins : 34 - Blocked Shots : 21 - Penalty Minutes : 11
Demolitions - Hits : 23 - Faceoff Wins : 29 - Blocked Shots : 17 - Penalty Minutes : 31

Official

Referees : StPierre Justin and Auger Stephane
Linesman : Don Henderson and Steve Miller

Game Notes

Seth Helgeson and Riley Sheahan fight to a draw at 13:46 of 3rd period

Finance

Level 1 -- Attendance: 1473 (73.65%) -- Ticket Income $58,920
Level 2 -- Attendance: 723 (72.30%) -- Ticket Income $14,460
Total Attendance: 2196 (73.20%)
Total Ticket Income: $73,380
Other Income: $3,669
Total Income: $77,049

Mustangs

5 vs 5 Forward 
   Center                   Left Wing                Right Wing               Time % Phy DF OF 
 1 Riley Sheahan            Marcus Foligno           Josh Jooris              40     1   2  2  
 2 Jim O'Brien              Tomas Tatar              Andrew Shaw              30     1   2  2  
 3 Andreas Athanasiou       Joshua Leivo             Justin Williams          20     1   2  2  
 4 Riley Nash               Curtis Hamilton          Francis Paré             10     1   2  2  

5 vs 5 Defense 
   Defense                  Defense                                           Time % Phy DF OF 
 1 Derek Joslin             Brady Skjei                                       44     1   2  2  
 2 Cameron Gaunce           Mark Pysyk                                        33     1   2  2  
 3 Denis Bodrov             Scott Mayfield                                    23     1   2  2  
 4 Derek Joslin             Brady Skjei                                       0      1   2  2  

PowerPlay Forward 
   Center                   Left Wing                Right Wing               Time % Phy DF OF 
 1 Riley Sheahan            Marcus Foligno           Josh Jooris              60     1   2  2  
 2 Jim O'Brien              Tomas Tatar              Andrew Shaw              40     1   2  2  

PowerPlay Defense
   Defense                  Defense                                           Time % Phy DF OF 
 1 Derek Joslin             Brady Skjei                                       60     1   2  2  
 2 Cameron Gaunce           Mark Pysyk                                        40     1   2  2  

Penalty Kill 4 Players Forward 
   Center                   Wing                     Time % Phy DF OF 
 1 Riley Sheahan            Marcus Foligno           60     1   2  2  
 2 Jim O'Brien              Tomas Tatar              40     1   2  2  

Penalty Kill 4 Players Defense
   Defense                  Defense                  Time % Phy DF OF 
 1 Derek Joslin             Brady Skjei              60     1   2  2  
 2 Cameron Gaunce           Mark Pysyk               40     1   2  2  

Penalty Kill - 3 Players Forward 
   Forward                                           Time % Phy DF OF 
 1 Riley Sheahan                                     60     1   2  2  
 2 Jim O'Brien                                       40     1   2  2  

Penalty Kill - 3 Players Defense
   Defense                  Defense                  Time % Phy DF OF 
 1 Derek Joslin             Brady Skjei              60     1   2  2  
 2 Cameron Gaunce           Mark Pysyk               40     1   2  2  

4 vs 4 Forward 
   Center                   Wing                     Time % Phy DF OF 
 1 Riley Sheahan            Marcus Foligno           60     1   2  2  
 2 Jim O'Brien              Tomas Tatar              40     1   2  2  

4 vs 4 Defense
   Defense                  Defense                  Time % Phy DF OF 
 1 Derek Joslin             Brady Skjei              60     1   2  2  
 2 Cameron Gaunce           Mark Pysyk               40     1   2  2  

Last Minutes Offensive
   Center                   Left Wing                Right Wing               Defense                  Defense                  
   Riley Sheahan            Marcus Foligno           Josh Jooris              Derek Joslin             Brady Skjei              

Last Minutes Defensive
   Center                   Left Wing                Right Wing               Defense                  Defense                  
   Riley Sheahan            Marcus Foligno           Josh Jooris              Derek Joslin             Brady Skjei              

Goaltenders
Starting : Chet Pickard             
Backup : Peter Mannino            

Extra Forwards
Normal : Riley Sheahan, Andrew Shaw, Justin Williams - PP : Riley Sheahan, Andrew Shaw - PK : Marcus Foligno
Extra Defensemen
Normal : Cameron Gaunce, Denis Bodrov, Derek Joslin - PP : Cameron Gaunce - PK : Denis Bodrov, Mark Pysyk
Penalty Shots
Andreas Athanasiou, Jim O'Brien, Andrew Shaw, Marcus Foligno, Josh Jooris

Scratches
Roman Horak (Healthy), Alexei Marchenko (Torn Left Knee Ligaments Injury), Jerome Samson (Broken Right Foot Toe Injury), Dominik Uher (Healthy), Joe Finley (Healthy)
Eric Knodel (Healthy), Matthew Finn (Healthy), Danny Biega (Healthy), Raphael Bussieres (Healthy), Sam Kurker (Healthy)
Max Gortz (Healthy), Rick Schofield (Right Ankle Injury), Justin Peters (Healthy), Joacim Eriksson (Healthy)

Demolitions

5 vs 5 Forward 
   Center                   Left Wing                Right Wing               Time % Phy DF OF 
 1 Nicolas Blanchard        Bobby Butler             Erik Condra              40     1   2  2  
 2 Vince Rocco              Frazer Mclaren           Jack Skille              30     1   2  2  
 3 Ryan Olsen               Ryan Russell             Mikko Lehtonen           20     1   2  2  
 4 Thomas DiPauli           Billy Sweat              Dan Bertram              10     1   2  2  

5 vs 5 Defense 
   Defense                  Defense                                           Time % Phy DF OF 
 1 Cameron Schilling        Ian Cole                                          40     1   2  2  
 2 Mike Sauer               Seth Helgeson                                     30     1   2  2  
 3 Andrew Campbell          Robert Bortuzzo                                   20     1   2  2  
 4 Taylor Aronson           Nick Pryor                                        10     1   2  2  

PowerPlay Forward 
   Center                   Left Wing                Right Wing               Time % Phy DF OF 
 1 Nicolas Blanchard        Bobby Butler             Erik Condra              60     1   2  2  
 2 Vince Rocco              Frazer Mclaren           Jack Skille              40     1   2  2  

PowerPlay Defense
   Defense                  Defense                                           Time % Phy DF OF 
 1 Cameron Schilling        Ian Cole                                          60     1   2  2  
 2 Mike Sauer               Seth Helgeson                                     40     1   2  2  

Penalty Kill 4 Players Forward 
   Center                   Wing                     Time % Phy DF OF 
 1 Bobby Butler             Erik Condra              60     1   2  2  
 2 Jack Skille              Mikko Lehtonen           40     1   2  2  

Penalty Kill 4 Players Defense
   Defense                  Defense                  Time % Phy DF OF 
 1 Cameron Schilling        Ian Cole                 60     1   2  2  
 2 Mike Sauer               Seth Helgeson            40     1   2  2  

Penalty Kill - 3 Players Forward 
   Forward                                           Time % Phy DF OF 
 1 Bobby Butler                                      60     1   2  2  
 2 Erik Condra                                       40     1   2  2  

Penalty Kill - 3 Players Defense
   Defense                  Defense                  Time % Phy DF OF 
 1 Cameron Schilling        Ian Cole                 60     1   2  2  
 2 Mike Sauer               Seth Helgeson            40     1   2  2  

4 vs 4 Forward 
   Center                   Wing                     Time % Phy DF OF 
 1 Bobby Butler             Erik Condra              60     1   2  2  
 2 Jack Skille              Mikko Lehtonen           40     1   2  2  

4 vs 4 Defense
   Defense                  Defense                  Time % Phy DF OF 
 1 Cameron Schilling        Ian Cole                 60     1   2  2  
 2 Mike Sauer               Seth Helgeson            40     1   2  2  

Last Minutes Offensive
   Center                   Left Wing                Right Wing               Defense                  Defense                  
   Nicolas Blanchard        Bobby Butler             Erik Condra              Cameron Schilling        Ian Cole                 

Last Minutes Defensive
   Center                   Left Wing                Right Wing               Defense                  Defense                  
   Nicolas Blanchard        Bobby Butler             Erik Condra              Cameron Schilling        Ian Cole                 

Goaltenders
Starting : Olivier Roy              
Backup : Joe Cannata              

Extra Forwards
Normal : Josh Beaulieu, Alex Hutchings, Mitchell Moroz - PP : Josh Beaulieu, Alex Hutchings - PK : Mitchell Moroz
Extra Defensemen
Normal : Andrew Campbell, Robert Bortuzzo, Taylor Aronson - PP : Andrew Campbell - PK : Robert Bortuzzo, Taylor Aronson
Penalty Shots
Bobby Butler, Erik Condra, Jack Skille, Mikko Lehtonen, Frazer Mclaren

Scratches
Corban Knight (Broken Bone (Left Leg) Injury), Darren Helm (Healthy), Ryan Bayda (Fractured Bone in Left Hand Injury), Brandon McMillan (Lower Body Injury), Jake Paterson (Healthy)
Jussi Rynnas (Healthy)

% Time on Ice - Mustangs

Lines # - Real PCT - Wanted PCT - Time Play
Normal Forward
1 - 31% - 40% - 13:44
2 - 26% - 30% - 11:29
3 - 25% - 20% - 11:11
4 - 19% - 10% - 8:21
Normal Defense
1 - 37% - 44% - 16:33
2 - 36% - 33% - 15:55
3 - 27% - 23% - 12:17
4 - 0% - 0% - 0:00
PP Forward
1 - 60% - 60% - 6:26
2 - 40% - 40% - 4:17
PP Defense
1 - 67% - 60% - 7:11
2 - 33% - 40% - 3:32
PK Forward
1 - 76% - 60% - 3:26
2 - 24% - 40% - 1:06
PK Defense
1 - 67% - 60% - 3:01
2 - 33% - 40% - 1:31
PK3 Forward
1 - 0% - 60%
2 - 0% - 40%
PK3 Defense
1 - 0% - 60%
2 - 0% - 40%
44 Forward
1 - 0% - 60%
2 - 0% - 40%
44 Defense
1 - 0% - 60%
2 - 0% - 40%
Last Minute Offensive  - 0:00
Last Minute Defensive  - 0:00
Total
Forward - 60:00
Defense - 60:00

% Time on Ice - Demolitions

Lines # - Real PCT - Wanted PCT - Time Play
Normal Forward
1 - 34% - 40% - 15:06
2 - 27% - 30% - 11:58
3 - 20% - 20% - 9:05
4 - 19% - 10% - 8:36
Normal Defense
1 - 40% - 40% - 17:48
2 - 29% - 30% - 12:50
3 - 20% - 20% - 8:51
4 - 12% - 10% - 5:16
PP Forward
1 - 55% - 60% - 2:30
2 - 45% - 40% - 2:02
PP Defense
1 - 55% - 60% - 2:30
2 - 45% - 40% - 2:02
PK Forward
1 - 74% - 60% - 7:57
2 - 26% - 40% - 2:46
PK Defense
1 - 60% - 60% - 6:27
2 - 40% - 40% - 4:16
PK3 Forward
1 - 0% - 60%
2 - 0% - 40%
PK3 Defense
1 - 0% - 60%
2 - 0% - 40%
44 Forward
1 - 0% - 60%
2 - 0% - 40%
44 Defense
1 - 0% - 60%
2 - 0% - 40%
Last Minute Offensive  - 0:00
Last Minute Defensive  - 0:00
Total
Forward - 60:00
Defense - 60:00

Play by Play

1st period


0:01 of 1st period - Nicolas Blanchard wins face-off versus Riley Sheahan in neutral zone.
0:16 of 1st period - Snap shot by Bobby Butler.
0:16 of 1st period - Shot Misses the Net.
1:42 of 1st period - Slapshot by Bobby Butler.
1:42 of 1st period - Stopped by Chet Pickard without a rebound.
1:43 of 1st period - Jim O'Brien wins face-off versus Frazer Mclaren in Mustangs zone.
1:47 of 1st period - Off-side.
1:48 of 1st period - Jim O'Brien wins face-off versus Vince Rocco in neutral zone.
3:01 of 1st period - Derek Joslin is hit by Robert Bortuzzo and loses puck.
3:06 of 1st period - Snap shot by Dan Bertram.
3:06 of 1st period - Shot Misses the Net.
3:27 of 1st period - Wrist shot by Jack Skille.
3:27 of 1st period - Shot Blocked by Jim O'Brien.
5:07 of 1st period - Wrist shot by Riley Sheahan.
5:07 of 1st period - Shot Misses the Net.
5:18 of 1st period - Icing by Josh Jooris.
5:19 of 1st period - Ryan Olsen wins face-off versus Andreas Athanasiou in Mustangs zone.
5:46 of 1st period - Wrist shot by Bobby Butler.
5:46 of 1st period - Shot Blocked by Jim O'Brien.
5:48 of 1st period - Slapshot by Mike Sauer.
5:48 of 1st period - Shot Blocked by Mark Pysyk.
6:14 of 1st period - Snap shot by Riley Sheahan.
6:14 of 1st period - Stopped by Olivier Roy with a rebound.
6:16 of 1st period - Wrist shot by Cameron Gaunce.
6:16 of 1st period - Shot Blocked by Nick Pryor.
6:26 of 1st period - Curtis Hamilton is hit by Billy Sweat and loses puck.
7:10 of 1st period - Nick Pryor is hit by Jim O'Brien.
7:25 of 1st period - Icing by Andrew Shaw.
7:26 of 1st period - Riley Sheahan wins face-off versus Vince Rocco in Mustangs zone.
7:26 of 1st period - Riley Sheahan is hit by Frazer Mclaren.
7:32 of 1st period - Snap shot by Jack Skille.
7:32 of 1st period - Stopped by Chet Pickard with a rebound.
7:34 of 1st period - Snap shot by Jack Skille.
7:34 of 1st period - Deflect By Vince Rocco.
7:34 of 1st period - Shot Blocked by Riley Sheahan.
7:34 of 1st period - Puck is out of play.
7:35 of 1st period - Nicolas Blanchard wins face-off versus Riley Sheahan in Mustangs zone.
7:36 of 1st period - Snap shot by Bobby Butler.
7:36 of 1st period - Stopped by Chet Pickard without a rebound.
7:37 of 1st period - Josh Jooris wins face-off versus Nicolas Blanchard in Mustangs zone.
8:31 of 1st period - Snap shot by Joshua Leivo.
8:31 of 1st period - Deflect By Andreas Athanasiou.
8:31 of 1st period - Stopped by Olivier Roy with a rebound.
8:35 of 1st period - Wrist shot by Justin Williams.
8:35 of 1st period - Shot Blocked by Billy Sweat.
8:41 of 1st period - Minor Penalty to Billy Sweat for Holding.
8:42 of 1st period - Bobby Butler wins face-off versus Riley Sheahan in Demolitions zone.
8:57 of 1st period - Slapshot by Josh Jooris.
8:57 of 1st period - Shot Misses the Net.
9:09 of 1st period - Wrist shot by Jim O'Brien.
9:09 of 1st period - Goal by Jim O'Brien - Mustangs : 1 - Demolitions : 0.
9:10 of 1st period - Riley Sheahan wins face-off versus Nicolas Blanchard in neutral zone.
9:25 of 1st period - Slapshot by Erik Condra.
9:25 of 1st period - Stopped by Chet Pickard with a rebound.
9:35 of 1st period - Snap shot by Mikko Lehtonen.
9:35 of 1st period - Stopped by Chet Pickard with a rebound.
9:37 of 1st period - Slapshot by Robert Bortuzzo.
9:37 of 1st period - Stopped by Chet Pickard without a rebound.
9:38 of 1st period - Jim O'Brien wins face-off versus Mikko Lehtonen in Mustangs zone.
9:43 of 1st period - Snap shot by Ryan Russell.
9:43 of 1st period - Shot Blocked by Derek Joslin.
9:45 of 1st period - Snap shot by Robert Bortuzzo.
9:45 of 1st period - Stopped by Chet Pickard with a rebound.
9:52 of 1st period - Minor Penalty to Tomas Tatar for Cross-checking.
9:53 of 1st period - Nicolas Blanchard wins face-off versus Riley Sheahan in Mustangs zone.
11:30 of 1st period - Icing by Jack Skille.
11:31 of 1st period - Vince Rocco wins face-off versus Andreas Athanasiou in Demolitions zone.
11:52 of 1st period - Penalty to Tomas Tatar is over, Tomas Tatar is back on ice.
12:08 of 1st period - Snap shot by Mikko Lehtonen.
12:08 of 1st period - Shot Misses the Net.
12:23 of 1st period - Snap shot by Tomas Tatar.
12:23 of 1st period - Shot Blocked by Andrew Campbell.
12:25 of 1st period - Wrist shot by Andrew Shaw.
12:25 of 1st period - Shot Misses the Net.
12:27 of 1st period - Wrist shot by Andrew Shaw.
12:27 of 1st period - Stopped by Olivier Roy with a rebound.
13:11 of 1st period - Derek Joslin is hit by Frazer Mclaren and loses puck.
14:31 of 1st period - Wrist shot by Bobby Butler.
14:31 of 1st period - Deflect By Marcus Foligno.
14:31 of 1st period - Shot Misses the Net.
14:31 of 1st period - Puck is out of play.
14:32 of 1st period - Jim O'Brien wins face-off versus Vince Rocco in Mustangs zone.
14:37 of 1st period - Slapshot by Jim O'Brien.
14:37 of 1st period - Stopped by Olivier Roy with a rebound.
14:43 of 1st period - Wrist shot by Vince Rocco.
14:43 of 1st period - Shot Misses the Net.
14:45 of 1st period - Slapshot by Frazer Mclaren.
14:45 of 1st period - Shot Misses the Net.
14:47 of 1st period - Slapshot by Jack Skille.
14:47 of 1st period - Stopped by Chet Pickard with a rebound.
15:03 of 1st period - Backhand shot by Nicolas Blanchard.
15:03 of 1st period - Shot Blocked by Marcus Foligno.
15:05 of 1st period - Snap shot by Erik Condra.
15:05 of 1st period - Deflect By Riley Sheahan.
15:05 of 1st period - Shot Blocked by Riley Sheahan.
15:05 of 1st period - Puck is out of play.
15:06 of 1st period - Jack Skille wins face-off versus Riley Sheahan in Mustangs zone.
15:31 of 1st period - Nicolas Blanchard is hit by Brady Skjei.
15:35 of 1st period - Wrist shot by Andrew Shaw.
15:35 of 1st period - Shot Blocked by Ian Cole.
15:37 of 1st period - Wrist shot by Cameron Gaunce.
15:37 of 1st period - Stopped by Olivier Roy without a rebound.
15:38 of 1st period - Jim O'Brien wins face-off versus Bobby Butler in Demolitions zone.
15:39 of 1st period - Wrist shot by Tomas Tatar.
15:39 of 1st period - Shot Misses the Net.
15:47 of 1st period - Wrist shot by Erik Condra.
15:47 of 1st period - Stopped by Chet Pickard with a rebound.
15:49 of 1st period - Wrist shot by Erik Condra.
15:49 of 1st period - Shot Misses the Net.
15:51 of 1st period - Slapshot by Mike Sauer.
15:51 of 1st period - Stopped by Chet Pickard without a rebound.
15:52 of 1st period - Riley Sheahan wins face-off versus Nicolas Blanchard in Mustangs zone.
15:59 of 1st period - Snap shot by Riley Sheahan.
15:59 of 1st period - Stopped by Olivier Roy with a rebound.
16:01 of 1st period - Backhand shot by Josh Jooris.
16:01 of 1st period - Deflect By Marcus Foligno.
16:01 of 1st period - Shot Misses the Net.
16:01 of 1st period - Puck is out of play.
16:02 of 1st period - Nicolas Blanchard wins face-off versus Riley Sheahan in Demolitions zone.
16:02 of 1st period - Nicolas Blanchard is hit by Josh Jooris.
16:14 of 1st period - Snap shot by Josh Jooris.
16:14 of 1st period - Shot Blocked by Erik Condra.
16:16 of 1st period - Snap shot by Marcus Foligno.
16:16 of 1st period - Shot Misses the Net.
16:18 of 1st period - Snap shot by Marcus Foligno.
16:18 of 1st period - Goal by Marcus Foligno - Mustangs : 2 - Demolitions : 0.
16:19 of 1st period - Riley Sheahan wins face-off versus Nicolas Blanchard in neutral zone.
16:21 of 1st period - Off-side.
16:22 of 1st period - Erik Condra wins face-off versus Riley Sheahan in neutral zone.
16:55 of 1st period - Snap shot by Justin Williams.
16:55 of 1st period - Shot Blocked by Ian Cole.
16:57 of 1st period - Wrist shot by Justin Williams.
16:57 of 1st period - Stopped by Olivier Roy with a rebound.
16:59 of 1st period - Snap shot by Cameron Gaunce.
16:59 of 1st period - Shot Misses the Net.
17:09 of 1st period - Wrist shot by Nicolas Blanchard.
17:09 of 1st period - Stopped by Chet Pickard without a rebound.
17:10 of 1st period - Jim O'Brien wins face-off versus Vince Rocco in Mustangs zone.
17:25 of 1st period - Minor Penalty to Andrew Shaw for Tripping.
17:26 of 1st period - Riley Sheahan wins face-off versus Nicolas Blanchard in Mustangs zone.
17:38 of 1st period - Wrist shot by Bobby Butler.
17:38 of 1st period - Stopped by Chet Pickard without a rebound.
17:39 of 1st period - Bobby Butler wins face-off versus Riley Sheahan in Mustangs zone.
17:44 of 1st period - Snap shot by Nicolas Blanchard.
17:44 of 1st period - Shot Misses the Net.
19:25 of 1st period - Penalty to Andrew Shaw is over, Andrew Shaw is back on ice.
19:59 of 1st period - Slapshot by Dan Bertram.
19:59 of 1st period - Stopped by Chet Pickard with a rebound.
Goals for this period are 2 for Mustangs vs 0 for Demolitions.
Shots for this period are 9 for Mustangs vs 13 for Demolitions.

2nd period


0:01 of 2nd period - Riley Sheahan wins face-off versus Nicolas Blanchard in neutral zone.
0:06 of 2nd period - Slapshot by Riley Sheahan.
0:06 of 2nd period - Stopped by Olivier Roy with a rebound.
0:26 of 2nd period - Frazer Mclaren is hit by Cameron Gaunce and loses puck.
0:58 of 2nd period - Off-side.
0:59 of 2nd period - Riley Sheahan wins face-off versus Nicolas Blanchard in neutral zone.
1:04 of 2nd period - Wrist shot by Marcus Foligno.
1:04 of 2nd period - Stopped by Olivier Roy with a rebound.
1:12 of 2nd period - Snap shot by Erik Condra.
1:12 of 2nd period - Shot Blocked by Riley Sheahan.
1:14 of 2nd period - Slapshot by Cameron Schilling.
1:14 of 2nd period - Shot Blocked by Denis Bodrov.
1:28 of 2nd period - Snap shot by Ryan Russell.
1:28 of 2nd period - Shot Blocked by Marcus Foligno.
1:30 of 2nd period - Slapshot by Robert Bortuzzo.
1:30 of 2nd period - Stopped by Chet Pickard with a rebound.
1:43 of 2nd period - Icing by Josh Jooris.
1:44 of 2nd period - Riley Sheahan wins face-off versus Vince Rocco in Mustangs zone.
1:49 of 2nd period - Seth Helgeson is hit by Tomas Tatar.
2:29 of 2nd period - Slapshot by Denis Bodrov.
2:29 of 2nd period - Deflect By Francis Paré.
2:29 of 2nd period - Stopped by Olivier Roy with a rebound.
2:32 of 2nd period - Icing by Ian Cole.
2:33 of 2nd period - Mikko Lehtonen wins face-off versus Riley Nash in Demolitions zone.
2:54 of 2nd period - Wrist shot by Mikko Lehtonen.
2:54 of 2nd period - Shot Misses the Net.
2:56 of 2nd period - Snap shot by Ian Cole.
2:56 of 2nd period - Shot Blocked by Derek Joslin.
2:58 of 2nd period - Wrist shot by Mikko Lehtonen.
2:58 of 2nd period - Shot Blocked by Brady Skjei.
3:00 of 2nd period - Snap shot by Mikko Lehtonen.
3:00 of 2nd period - Shot Misses the Net.
3:02 of 2nd period - Snap shot by Mikko Lehtonen.
3:02 of 2nd period - Deflect By Ryan Olsen.
3:02 of 2nd period - Shot Blocked by Brady Skjei.
3:02 of 2nd period - Puck is out of play.
3:03 of 2nd period - Nicolas Blanchard wins face-off versus Riley Sheahan in Mustangs zone.
3:43 of 2nd period - Billy Sweat is hit by Josh Jooris and loses puck.
3:48 of 2nd period - Snap shot by Josh Jooris.
3:48 of 2nd period - Stopped by Olivier Roy with a rebound.
3:50 of 2nd period - Snap shot by Josh Jooris.
3:50 of 2nd period - Shot Misses the Net.
3:52 of 2nd period - Wrist shot by Josh Jooris.
3:52 of 2nd period - Stopped by Olivier Roy with a rebound.
3:56 of 2nd period - Slapshot by Josh Jooris.
3:56 of 2nd period - Shot Misses the Net.
3:58 of 2nd period - Snap shot by Josh Jooris.
3:58 of 2nd period - Deflect By Marcus Foligno.
3:58 of 2nd period - Shot Blocked by Ian Cole.
3:58 of 2nd period - Puck is out of play.
3:59 of 2nd period - Nicolas Blanchard wins face-off versus Andrew Shaw in Demolitions zone.
4:04 of 2nd period - Jim O'Brien is hit by Seth Helgeson and loses puck.
4:29 of 2nd period - Wrist shot by Jack Skille.
4:29 of 2nd period - Stopped by Chet Pickard with a rebound.
4:35 of 2nd period - Slapshot by Justin Williams.
4:35 of 2nd period - Stopped by Olivier Roy without a rebound.
4:36 of 2nd period - Vince Rocco wins face-off versus Riley Nash in Demolitions zone.
5:07 of 2nd period - Erik Condra is hit by Scott Mayfield and loses puck.
5:32 of 2nd period - Snap shot by Ryan Russell.
5:32 of 2nd period - Shot Blocked by Marcus Foligno.
5:50 of 2nd period - Slapshot by Dan Bertram.
5:50 of 2nd period - Shot Blocked by Brady Skjei.
5:52 of 2nd period - Slapshot by Mike Sauer.
5:52 of 2nd period - Goal by Mike Sauer - Mustangs : 2 - Demolitions : 1.
5:53 of 2nd period - Nicolas Blanchard wins face-off versus Riley Sheahan in neutral zone.
6:40 of 2nd period - Ian Cole is hit by Joshua Leivo.
7:00 of 2nd period - Mark Pysyk is hit by Ian Cole and loses puck.
7:23 of 2nd period - Snap shot by Billy Sweat.
7:23 of 2nd period - Shot Blocked by Riley Sheahan.
7:46 of 2nd period - Wrist shot by Vince Rocco.
7:46 of 2nd period - Shot Misses the Net.
7:48 of 2nd period - Slapshot by Jack Skille.
7:48 of 2nd period - Stopped by Chet Pickard without a rebound.
7:49 of 2nd period - Andreas Athanasiou wins face-off versus Erik Condra in Mustangs zone.
8:47 of 2nd period - Snap shot by Ryan Russell.
8:47 of 2nd period - Shot Misses the Net.
8:49 of 2nd period - Slapshot by Mike Sauer.
8:49 of 2nd period - Shot Misses the Net.
8:59 of 2nd period - Snap shot by Cameron Gaunce.
8:59 of 2nd period - Shot Misses the Net.
9:38 of 2nd period - Minor Penalty to Andrew Campbell for Holding.
9:39 of 2nd period - Riley Sheahan wins face-off versus Bobby Butler in Demolitions zone.
9:40 of 2nd period - Wrist shot by Josh Jooris.
9:40 of 2nd period - Shot Misses the Net.
10:41 of 2nd period - Seth Helgeson is hit by Andrew Shaw and loses puck.
10:58 of 2nd period - Marcus Foligno is hit by Mitchell Moroz and loses puck.
11:05 of 2nd period - Mike Sauer is hit by Marcus Foligno and loses puck.
11:38 of 2nd period - Penalty to Andrew Campbell is over, Andrew Campbell is back on ice.
11:42 of 2nd period - Cameron Schilling is hit by Cameron Gaunce and loses puck.
11:55 of 2nd period - Slapshot by Cameron Schilling.
11:55 of 2nd period - Stopped by Chet Pickard with a rebound.
11:57 of 2nd period - Slapshot by Ian Cole.
11:57 of 2nd period - Deflect By Denis Bodrov.
11:57 of 2nd period - Stopped by Chet Pickard without a rebound.
11:58 of 2nd period - Justin Williams wins face-off versus Frazer Mclaren in Mustangs zone.
12:23 of 2nd period - Justin Williams is hit by Robert Bortuzzo and loses puck.
12:40 of 2nd period - Wrist shot by Justin Williams.
12:40 of 2nd period - Shot Misses the Net.
12:56 of 2nd period - Wrist shot by Dan Bertram.
12:56 of 2nd period - Shot Blocked by Joshua Leivo.
13:29 of 2nd period - Cameron Gaunce is hit by Billy Sweat and loses puck.
13:42 of 2nd period - Slapshot by Mark Pysyk.
13:42 of 2nd period - Stopped by Olivier Roy without a rebound.
13:43 of 2nd period - Nicolas Blanchard wins face-off versus Riley Sheahan in Demolitions zone.
13:43 of 2nd period - Nicolas Blanchard is hit by Marcus Foligno.
14:36 of 2nd period - Minor Penalty to Ryan Russell for Holding Stick.
14:37 of 2nd period - Bobby Butler wins face-off versus Riley Sheahan in Demolitions zone.
15:37 of 2nd period - Slapshot by Derek Joslin.
15:37 of 2nd period - Stopped by Olivier Roy without a rebound.
15:38 of 2nd period - Riley Sheahan wins face-off versus Jack Skille in Demolitions zone.
15:41 of 2nd period - Snap shot by Josh Jooris.
15:41 of 2nd period - Goal by Josh Jooris - Mustangs : 3 - Demolitions : 1.
15:42 of 2nd period - Marcus Foligno wins face-off versus Nicolas Blanchard in neutral zone.
15:53 of 2nd period - Slapshot by Cameron Schilling.
15:53 of 2nd period - Shot Blocked by Brady Skjei.
16:31 of 2nd period - Wrist shot by Justin Williams.
16:31 of 2nd period - Shot Misses the Net.
17:22 of 2nd period - Slapshot by Brady Skjei.
17:22 of 2nd period - Shot Blocked by Mike Sauer.
17:36 of 2nd period - Andrew Shaw is hit by Vince Rocco.
18:16 of 2nd period - Slapshot by Mark Pysyk.
18:16 of 2nd period - Stopped by Olivier Roy without a rebound.
18:17 of 2nd period - Thomas DiPauli wins face-off versus Riley Sheahan in Demolitions zone.
18:17 of 2nd period - Thomas DiPauli is hit by Marcus Foligno.
18:23 of 2nd period - Slapshot by Cameron Schilling.
18:23 of 2nd period - Stopped by Chet Pickard with a rebound.
18:56 of 2nd period - Wrist shot by Joshua Leivo.
18:56 of 2nd period - Shot Misses the Net.
19:14 of 2nd period - Slapshot by Erik Condra.
19:14 of 2nd period - Deflect By Denis Bodrov.
19:14 of 2nd period - Shot Blocked by Denis Bodrov.
19:14 of 2nd period - Puck is out of play.
19:15 of 2nd period - Riley Sheahan wins face-off versus Nicolas Blanchard in Mustangs zone.
19:15 of 2nd period - Riley Sheahan is hit by Nicolas Blanchard.
19:59 of 2nd period - Minor Penalty to Nicolas Blanchard for Holding.
Goals for this period are 1 for Mustangs vs 1 for Demolitions.
Shots for this period are 10 for Mustangs vs 7 for Demolitions.

3rd period


0:01 of 3rd period - Bobby Butler wins face-off versus Riley Sheahan in neutral zone.
0:34 of 3rd period - Slapshot by Brady Skjei.
0:34 of 3rd period - Shot Misses the Net.
0:36 of 3rd period - Slapshot by Brady Skjei.
0:36 of 3rd period - Stopped by Olivier Roy with a rebound.
1:18 of 3rd period - Mike Sauer is hit by Andrew Shaw and loses puck.
1:39 of 3rd period - Brady Skjei is hit by Cameron Schilling and loses puck.
1:52 of 3rd period - Ian Cole is hit by Derek Joslin and loses puck.
1:59 of 3rd period - Penalty to Nicolas Blanchard is over, Nicolas Blanchard is back on ice.
2:13 of 3rd period - Slapshot by Brady Skjei.
2:13 of 3rd period - Shot Blocked by Frazer Mclaren.
2:30 of 3rd period - Wrist shot by Ryan Russell.
2:30 of 3rd period - Stopped by Chet Pickard without a rebound.
2:31 of 3rd period - Riley Nash wins face-off versus Ryan Olsen in Mustangs zone.
2:47 of 3rd period - Cameron Gaunce is hit by Ryan Russell and loses puck.
2:58 of 3rd period - Snap shot by Jack Skille.
2:58 of 3rd period - Shot Misses the Net.
3:00 of 3rd period - Wrist shot by Frazer Mclaren.
3:00 of 3rd period - Stopped by Chet Pickard with a rebound.
3:08 of 3rd period - Snap shot by Frazer Mclaren.
3:08 of 3rd period - Stopped by Chet Pickard with a rebound.
3:10 of 3rd period - Snap shot by Frazer Mclaren.
3:10 of 3rd period - Shot Blocked by Cameron Gaunce.
3:28 of 3rd period - Snap shot by Andrew Shaw.
3:28 of 3rd period - Shot Blocked by Seth Helgeson.
3:48 of 3rd period - Snap shot by Justin Williams.
3:48 of 3rd period - Deflect By Joshua Leivo.
3:48 of 3rd period - Shot Blocked by Seth Helgeson.
3:48 of 3rd period - Puck is out of play.
3:49 of 3rd period - Riley Sheahan wins face-off versus Frazer Mclaren in Demolitions zone.
3:52 of 3rd period - Wrist shot by Riley Sheahan.
3:52 of 3rd period - Stopped by Olivier Roy without a rebound.
3:53 of 3rd period - Riley Sheahan wins face-off versus Jack Skille in Demolitions zone.
4:01 of 3rd period - Minor Penalty to Frazer Mclaren for High sticking.
4:02 of 3rd period - Marcus Foligno wins face-off versus Bobby Butler in Demolitions zone.
4:04 of 3rd period - Wrist shot by Marcus Foligno.
4:04 of 3rd period - Goal by Marcus Foligno - Mustangs : 4 - Demolitions : 1.
4:05 of 3rd period - Riley Sheahan wins face-off versus Nicolas Blanchard in neutral zone.
4:30 of 3rd period - Andrew Shaw is hit by Frazer Mclaren and loses puck.
4:56 of 3rd period - Snap shot by Francis Paré.
4:56 of 3rd period - Stopped by Olivier Roy with a rebound.
4:58 of 3rd period - Minor Penalty to Jack Skille for Hooking.
4:59 of 3rd period - Riley Sheahan wins face-off versus Bobby Butler in Demolitions zone.
5:06 of 3rd period - Snap shot by Riley Sheahan.
5:06 of 3rd period - Shot Misses the Net.
5:15 of 3rd period - Off-side.
5:16 of 3rd period - Bobby Butler wins face-off versus Jim O'Brien in neutral zone.
5:41 of 3rd period - Slapshot by Josh Jooris.
5:41 of 3rd period - Stopped by Olivier Roy with a rebound.
5:43 of 3rd period - Slapshot by Cameron Gaunce.
5:43 of 3rd period - Shot Blocked by Ian Cole.
5:45 of 3rd period - Slapshot by Riley Sheahan.
5:45 of 3rd period - Stopped by Olivier Roy without a rebound.
5:46 of 3rd period - Bobby Butler wins face-off versus Riley Sheahan in Demolitions zone.
6:09 of 3rd period - Snap shot by Jim O'Brien.
6:09 of 3rd period - Goal by Jim O'Brien - Mustangs : 5 - Demolitions : 1.
6:10 of 3rd period - Nicolas Blanchard wins face-off versus Riley Sheahan in neutral zone.
6:36 of 3rd period - Josh Jooris is hit by Ryan Olsen and loses puck.
7:01 of 3rd period - Wrist shot by Tomas Tatar.
7:01 of 3rd period - Stopped by Olivier Roy with a rebound.
7:03 of 3rd period - Snap shot by Jim O'Brien.
7:03 of 3rd period - Stopped by Olivier Roy with a rebound.
7:05 of 3rd period - Wrist shot by Jim O'Brien.
7:05 of 3rd period - Shot Blocked by Jack Skille.
7:21 of 3rd period - Mark Pysyk is hit by Mike Sauer and loses puck.
7:42 of 3rd period - Cameron Schilling is hit by Mark Pysyk and loses puck.
8:32 of 3rd period - Snap shot by Nicolas Blanchard.
8:32 of 3rd period - Stopped by Chet Pickard with a rebound.
8:40 of 3rd period - Josh Jooris is hit by Erik Condra and loses puck.
8:55 of 3rd period - Snap shot by Riley Nash.
8:55 of 3rd period - Shot Blocked by Cameron Schilling.
9:36 of 3rd period - Derek Joslin is hit by Ryan Olsen and loses puck.
10:00 of 3rd period - Brady Skjei is hit by Erik Condra and loses puck.
10:05 of 3rd period - Snap shot by Riley Nash.
10:05 of 3rd period - Stopped by Olivier Roy with a rebound.
10:15 of 3rd period - Wrist shot by Marcus Foligno.
10:15 of 3rd period - Deflect By Seth Helgeson.
10:15 of 3rd period - Shot Misses the Net.
10:15 of 3rd period - Puck is out of play.
10:16 of 3rd period - Riley Sheahan wins face-off versus Jack Skille in Demolitions zone.
10:21 of 3rd period - Wrist shot by Riley Sheahan.
10:21 of 3rd period - Shot Misses the Net.
10:23 of 3rd period - Snap shot by Riley Sheahan.
10:23 of 3rd period - Stopped by Olivier Roy with a rebound.
10:25 of 3rd period - Snap shot by Cameron Gaunce.
10:25 of 3rd period - Shot Misses the Net.
10:27 of 3rd period - Snap shot by Marcus Foligno.
10:27 of 3rd period - Shot Misses the Net.
10:29 of 3rd period - Snap shot by Josh Jooris.
10:29 of 3rd period - Stopped by Olivier Roy without a rebound.
10:30 of 3rd period - Riley Sheahan wins face-off versus Nicolas Blanchard in Demolitions zone.
10:31 of 3rd period - Snap shot by Josh Jooris.
10:31 of 3rd period - Shot Misses the Net.
10:37 of 3rd period - Marcus Foligno is hit by Bobby Butler and loses puck.
10:43 of 3rd period - Icing by Marcus Foligno.
10:44 of 3rd period - Nicolas Blanchard wins face-off versus Riley Sheahan in Mustangs zone.
10:46 of 3rd period - Minor Penalty to Nicolas Blanchard for Holding.
10:47 of 3rd period - Bobby Butler wins face-off versus Riley Sheahan in Demolitions zone.
11:00 of 3rd period - Wrist shot by Riley Sheahan.
11:00 of 3rd period - Stopped by Olivier Roy with a rebound.
11:02 of 3rd period - Wrist shot by Marcus Foligno.
11:02 of 3rd period - Stopped by Olivier Roy with a rebound.
11:18 of 3rd period - Slapshot by Derek Joslin.
11:18 of 3rd period - Deflect By Jim O'Brien.
11:18 of 3rd period - Shot Blocked by Ian Cole.
11:18 of 3rd period - Puck is out of play.
11:19 of 3rd period - Jack Skille wins face-off versus Riley Sheahan in Demolitions zone.
11:28 of 3rd period - Seth Helgeson is hit by Marcus Foligno and loses puck.
12:46 of 3rd period - Penalty to Nicolas Blanchard is over, Nicolas Blanchard is back on ice.
13:21 of 3rd period - Wrist shot by Riley Nash.
13:21 of 3rd period - Shot Misses the Net.
13:23 of 3rd period - Slapshot by Denis Bodrov.
13:23 of 3rd period - Stopped by Olivier Roy with a rebound.
13:25 of 3rd period - Snap shot by Denis Bodrov.
13:25 of 3rd period - Shot Blocked by Robert Bortuzzo.
13:42 of 3rd period - Icing by Justin Williams.
13:43 of 3rd period - Andreas Athanasiou wins face-off versus Ryan Olsen in Mustangs zone.
13:43 of 3rd period - Andreas Athanasiou is hit by Seth Helgeson.
13:46 of 3rd period - Seth Helgeson and Riley Sheahan fight to a draw.
13:46 of 3rd period - Penalty to Seth Helgeson for Fighting.
13:46 of 3rd period - Penalty to Riley Sheahan for Fighting.
13:46 of 3rd period - Penalty to Seth Helgeson for instigated a fight.
13:46 of 3rd period - Penalty to Seth Helgeson for instigated a fight.
13:47 of 3rd period - Andrew Shaw wins face-off versus Bobby Butler in neutral zone.
13:54 of 3rd period - Snap shot by Derek Joslin.
13:54 of 3rd period - Stopped by Olivier Roy with a rebound.
13:56 of 3rd period - Snap shot by Derek Joslin.
13:56 of 3rd period - Stopped by Olivier Roy without a rebound.
13:57 of 3rd period - Bobby Butler wins face-off versus Andrew Shaw in Demolitions zone.
13:57 of 3rd period - Bobby Butler is hit by Andrew Shaw.
14:07 of 3rd period - Snap shot by Bobby Butler.
14:07 of 3rd period - Stopped by Chet Pickard without a rebound.
14:08 of 3rd period - Erik Condra wins face-off versus Andrew Shaw in Mustangs zone.
15:46 of 3rd period - Penalty to Seth Helgeson is over, Dan Bertram is send on ice.
16:02 of 3rd period - Snap shot by Francis Paré.
16:02 of 3rd period - Shot Blocked by Cameron Schilling.
16:04 of 3rd period - Snap shot by Francis Paré.
16:04 of 3rd period - Stopped by Olivier Roy with a rebound.
16:06 of 3rd period - Slapshot by Brady Skjei.
16:06 of 3rd period - Stopped by Olivier Roy with a rebound.
16:08 of 3rd period - Slapshot by Brady Skjei.
16:08 of 3rd period - Shot Misses the Net.
16:26 of 3rd period - Snap shot by Frazer Mclaren.
16:26 of 3rd period - Stopped by Chet Pickard with a rebound.
16:44 of 3rd period - Snap shot by Mikko Lehtonen.
16:44 of 3rd period - Stopped by Chet Pickard without a rebound.
16:45 of 3rd period - Francis Paré wins face-off versus Nicolas Blanchard in Mustangs zone.
16:45 of 3rd period - Francis Paré is hit by Erik Condra.
17:09 of 3rd period - Mark Pysyk is hit by Frazer Mclaren and loses puck.
17:44 of 3rd period - Slapshot by Billy Sweat.
17:44 of 3rd period - Stopped by Chet Pickard with a rebound.
18:00 of 3rd period - Nicolas Blanchard is hit by Justin Williams and loses puck.
18:06 of 3rd period - Off-side.
18:07 of 3rd period - Andreas Athanasiou wins face-off versus Vince Rocco in neutral zone.
18:10 of 3rd period - Vince Rocco is hit by Brady Skjei.
18:15 of 3rd period - Minor Penalty to Josh Jooris for Hooking.
18:16 of 3rd period - Nicolas Blanchard wins face-off versus Andreas Athanasiou in Mustangs zone.
18:46 of 3rd period - Penalty to Riley Sheahan is over, Riley Sheahan is back on ice.
18:47 of 3rd period - Slapshot by Jack Skille.
18:47 of 3rd period - Shot Misses the Net.
18:49 of 3rd period - Slapshot by Ian Cole.
18:49 of 3rd period - Goal by Ian Cole - Mustangs : 5 - Demolitions : 2.
18:50 of 3rd period - Riley Sheahan wins face-off versus Nicolas Blanchard in neutral zone.
18:57 of 3rd period - Snap shot by Erik Condra.
18:57 of 3rd period - Shot Misses the Net.
18:59 of 3rd period - Slapshot by Cameron Schilling.
18:59 of 3rd period - Shot Blocked by Riley Sheahan.
19:01 of 3rd period - Snap shot by Bobby Butler.
19:01 of 3rd period - Shot Misses the Net.
19:25 of 3rd period - Vince Rocco is hit by Derek Joslin.
19:34 of 3rd period - Off-side.
19:35 of 3rd period - Ryan Olsen wins face-off versus Riley Nash in neutral zone.
Goals for this period are 2 for Mustangs vs 1 for Demolitions.
Shots for this period are 19 for Mustangs vs 9 for Demolitions.